 Dungeon Crawl Stone Soup version 0.30.1-4-g462c640d31 (webtiles) character file.

Game seed: 15435098733015793170

12440 spardeous the Thaumaturge (level 12, -8/88 HPs)
             Began as a Djinni Conjurer on Sept 2, 2023.
             Was an Initiate of Gozag.
             Killed from afar by a frost giant (21 damage)
             ... with a bolt of cold
             ... on level 10 of the Dungeon.
             The game lasted 00:18:02 (12826 turns).

spardeous the Thaumaturge (Djinni Conjurer)        Turns: 12826, Time: 00:18:03

Health: -8/88      AC: 11    Str:  8    XL:     12   Next: 20%
Gold:   1331       EV: 10    Int: 36    God:    Gozag SH:  0 Dex:  9

rFire   + + +        (no weapon)
rCold   . . .        (no shield)
rNeg    + . .        C - +3 scale mail "Vutex" {Will+ Int+6}
rPois   ∞            I - -2 hat of the Alchemist {rElec rPois rF+ rC+ rN+ Will+ rMut rCorr}
rElec   +            H - +0 cloak {rCorr}
rCorr   +            l - +0 pair of gloves
SInv    +            (boots unavailable)
Will    +++..        i - amulet of the acrobat Stlth
                     v - ring of see invisible
HPRegen 0.34/turn    (no ring)
MPRegen 0.00/turn

%: acrobat, resist mutation, infuse magic (-9 HP)
@: flying
A: sickness immunity, fire resistance 2, cold vulnerability 1, float, innate
caster, HP casting, extra vitality 1, horns 1, clever 2, deterioration 1,
evolution 1
a: Renounce Religion, Potion Petition, Call Merchant, Bribe Branch


You were on level 10 of the Dungeon.
You worshipped Gozag.
Gozag was most pleased with you.
You visited 1 branch of the dungeon, and saw 10 of its levels.
You also visited: Bailey.

You collected 2861 gold pieces.
You spent 1427 gold pieces at shops.
You paid 103 gold pieces to Gozag.

Inventory:

Missiles
 u - 3 throwing nets
Armour
 b - a +0 tower shield
 d - a +1 kite shield
 l - a +0 pair of gloves (worn)
 C - the +3 scale mail "Vutex" (worn) {Will+ Int+6}
   (You took it off an orc on level 3 of the Dungeon)

   Int:       It affects your intelligence (+6).
   Will:      It increases your willpower.
 D - a +2 hat
 H - a +0 cloak of preservation (worn)
 I - the -2 hat of the Alchemist (worn) {rElec rPois rF+ rC+ rN+ Will+ rMut rCorr}
   (You bought it in a shop on level 3 of the Dungeon)

   rF:        It protects you from fire.
   rC:        It protects you from cold.
   rElec:     It insulates you from electricity.
   rPois:     It protects you from poison.
   rN:        It protects you from negative energy.
   rCorr:     It protects you from acid and corrosion.
   rMut:      It protects you from mutation.
   Will:      It increases your willpower.
 J - the +2 robe of Boredom {Regen+ Int+4}
   (You bought it in a shop on level 3 of the Dungeon)

   Int:       It affects your intelligence (+4).
   Regen:     It increases your rate of health regeneration.
 K - a +3 leather armour
Jewellery
 i - an amulet of the acrobat (around neck)
 v - a ring of see invisible (left hand)
Wands
 t - a wand of paralysis (5)
 x - a wand of flame (18)
 E - a wand of digging (6)
 F - a wand of roots (11)
 G - a wand of light (9)
 N - a wand of mindburst (6)
Scrolls
 a - 2 scrolls of immolation {unknown}
 g - 6 scrolls of teleportation
 m - a scroll of poison
 n - 2 scrolls of enchant armour
 o - 3 scrolls of vulnerability
 p - a scroll of noise
 r - 2 scrolls of fear
 y - a scroll of silence
 B - a scroll of magic mapping {unknown}
 L - a scroll of blinking
 M - a scroll of enchant weapon {unknown}
 P - a scroll of identify
Potions
 c - a potion of resistance
 e - 3 potions of mutation
 f - a potion of lignification {unknown}
 h - a potion of attraction
 j - a potion of cancellation {unknown}
 k - 2 potions of haste
 s - a potion of magic {unknown}
 w - 2 potions of might
 z - a potion of berserk rage {unknown}
 A - a potion of invisibility {unknown}
 O - a potion of heal wounds
Miscellaneous
 q - a box of beasts


   Skills:
 + Level 8.4 Fighting
 - Level 7.3 Armour
 - Level 10.0 Dodging
 - Level 1.5 Stealth
 - Level 0.4 Shields
 - Level 10.1 Spellcasting


You knew the following spells:

 Your Spells              Type           Power      Damage    Failure   Level
a - Magic Dart            Conj           100%       1d8       1%          1
b - Searing Ray           Conj           100%       2d8       1%          2
c - Dazzling Flash        Conj/Hex       100%       N/A       1%          3
d - Fulminant Prism       Conj/Hex       37%        3d17      2%          4
e - Iskenderun's Mystic   Conj/Tloc      74%        2d15      2%          4
f - Shock                 Conj/Air       100%       1d9       1%          1
g - Momentum Strike       Conj/Tloc      100%       3d10      1%          2
h - Call Canine Familiar  Summ           74%        N/A       1%          3
i - Gell's Gravitas       Tloc           74%        N/A       1%          3
j - Yara's Violent Unrav  Hex/Tmut       37%        3d15      7%          5
Your spell library was empty.

Dungeon Overview and Level Annotations

Branches:
Dungeon (10/15)            Temple (0/1) D:6            Lair (0/5) D:9
 Bailey (visited)
    Orc: D:9-12

Altars:
Ashenzari
Cheibriados
Fedhas
Gozag
Hepliaklqana
Makhleb
Qazlal
Ru
Wu Jian
Xom

Shops:
D:3 [   D:5 [

Portals:
Abyss: D:8


Innate Abilities, Weirdness & Mutations

You are immune to sickness and miasma.
You are immune to poison.
Your flesh is very heat resistant. (rF++)
You are vulnerable to cold. (rC-)
You float through the air rather than walking.
You learn spells naturally, not from books.
Your magical power is your life essence.
You have superior vitality. (+4 MHP)
You have a pair of small horns on your head.
Your mind is very acute. (Int +8, Str/Dex -2)
Your body sometimes deteriorates upon taking damage.
You have hidden genetic potential.


Message History

The frost giant is lightly wounded.
You take 4 damage, and have 63/88 hp.
Unknown command.
Casting: Iskenderun's Mystic Blast (dangerous; 2% risk of failure)
Confirm with . or Enter, or press ? or * to list all spells.
You erupt in a blast of force!
The mystic blast hits the frost giant.
The frost giant is lightly wounded.
The frost giant is knocked back by the mystic blast.
The frost giant slams into the metal wall!
The frost giant is moderately wounded.
You take 4 damage, and have 59/88 hp.
Casting: Iskenderun's Mystic Blast (dangerous; 2% risk of failure)
Confirm with . or Enter, or press ? or * to list all spells.
You erupt in a blast of force!
The mystic blast hits the frost giant!
The frost giant is heavily wounded.
The frost giant is knocked back by the mystic blast.
The frost giant slams into the metal wall!
The frost giant is heavily wounded.
You take 3 damage, and have 56/88 hp.
Unknown command.
Casting: Iskenderun's Mystic Blast (dangerous; 2% risk of failure)
Confirm with . or Enter, or press ? or * to list all spells.
You erupt in a blast of force!
The mystic blast hits the frost giant.
The frost giant is heavily wounded.
The frost giant is knocked back by the mystic blast.
The frost giant slams into the metal wall!
The frost giant is severely wounded.
The frost giant hits you with a +0 battleaxe of freezing!!
* * * LOW HITPOINT WARNING * * *
The frost giant freezes you.
* * * LOW HITPOINT WARNING * * *
Casting: Iskenderun's Mystic Blast (dangerous; 2% risk of failure)
Confirm with . or Enter, or press ? or * to list all spells.
You erupt in a blast of force!
The mystic blast hits the frost giant!!
The frost giant is almost dead.
* * * LOW HITPOINT WARNING * * *
The frost giant casts a spell at you. The bolt of cold hits you!!
You die...
Your body crumbles into a pile of gold.

# # # ### ####
..# ##C..# #.#
#####@# # #.#
##...#.# .#
#.#
#..#.#.###.#
#.#
##.#####...###
#.# #..#
##'##.# ..#
#.## #.##.#
..# #.# #....#
#.# #.#####
####.# #.#
#..≈≈≈###.#..#


You could see a frost giant.

Vanquished Creatures
  Erica (D:8)
  2 two-headed ogres
  The ghost of spardeous the Magician, a novice DgCj (D:8)
  Maurice (D:8)
  A gargoyle (D:10)
  A rime drake (D:9)
  The ghost of Babbit the Covered, an amateur MiFi (D:3)
  A troll (D:9)
  2 hornets
  A polar bear (D:9)
  14 yaks (D:10)
  5 humans (D:9)
  2 small abominations (D:8)
  2 steam dragons
  Grum (D:8)
  Eustachio (D:5)
  2 acid dragons
  A water moccasin (D:7)
  A sky beast (D:6)
  4 ice beasts
  6 orc warriors
  2 black bears (D:5)
  4 wolves (D:8)
  2 phantoms
  7 kobold brigands
  A bullfrog (D:8)
  A scorpion (D:4)
  3 gnoll sergeants
  12 killer bees
  A howler monkey (D:4)
  3 electric eels (D:8)
  3 jellies
  2 gnoll boudas
  8 orc priests
  3 hounds
  3 iguanas
  11 orc wizards
  Ijyb (D:5)
  24 gnolls
  9 adders
  A shadow imp (D:6)
  2 white imps
  2 ufetubi
  3 worms
  4 dart slugs
  46 orcs
  9 ball pythons
  6 bats
  6 endoplasms
  5 giant cockroaches
  11 goblins
  12 hobgoblins
  38 kobolds
  3 quokkas
  4 frilled lizards
  4 rats
307 creatures vanquished.

Notes
Turn   | Place    | Note
-------+----------+-------------------------------------------
     0 | D:1      | spardeous the Djinni Conjurer began the quest for the Orb.
     0 | D:1      | spardeous set off with the following spells memorised:
                  | Magic Dart, Searing Ray, Dazzling Flash, Fulminant Prism,
                  | Iskenderun's Mystic Blast.
     0 | D:1      | Reached XP level 1. HP: 15/15 MP: 0/0
   113 | D:1      | Reached XP level 2. HP: 18/21 MP: 0/0
   263 | D:1      | Reached XP level 3. HP: 24/25 MP: 0/0
   263 | D:1      | Learned a level 1 spell: Shock
   933 | D:2      | Reached XP level 4. HP: 27/31 MP: 0/0
  1617 | D:3      | Found a snail-covered altar of Cheibriados.
  1745 | D:3      | Noticed a phantom
  1752 | D:3      | Killed a phantom
  1753 | D:3      | Reached skill level 5 in Spellcasting
  1753 | D:3      | Reached XP level 5. HP: 29/35 MP: 0/0
  1753 | D:3      | Learned a level 2 spell: Momentum Strike
  1863 | D:3      | Found Sereivea's Antique Armour Boutique.
  1951 | D:3      | Noticed an ice beast
  1959 | D:3      | Killed an ice beast
  1960 | D:3      | Reached XP level 6. HP: 32/40 MP: 0/0
  2261 | D:3      | Found a runed translucent gate.
  2282 | D:3      | Found a runed translucent gate.
  2282 | D:3      | Noticed Babbit's ghost (amateur MiFi)
  2283 | D:3      | Found a runed translucent gate.
  2284 | D:3      | Identified the +3 scale mail "Vutex" {Will+ Int+6}
  2452 | D:4      | Reached XP level 7. HP: 39/45 MP: 0/0
  2452 | D:4      | Learned a level 3 spell: Call Canine Familiar
  2556 | D:4      | Found an opulent altar of Gozag.
  2596 | D:4      | Became a worshipper of Gozag Ym Sagoz the Greedy
  3484 | D:4      | Reached XP level 8. HP: 35/50 MP: 0/0
  3648 | D:5      | Entered Level 5 of the Dungeon
  3676 | D:5      | Noticed Eustachio
  3688 | D:5      | Killed Eustachio
  3744 | D:5      | Noticed Ijyb
  3750 | D:5      | Killed Ijyb
  4610 | D:5      | Found Ireptub's Antique Armour Shoppe.
  4975 | D:5      | Found a shimmering altar of Xom.
  5312 | D:5      | Reached XP level 9. HP: 43/55 MP: 0/0
  5312 | D:5      | Learned a level 3 spell: Gell's Gravitas
  5533 | D:3      | Killed Babbit's ghost
  5913 | D:6      | Found a staircase to the Ecumenical Temple.
  5917 | D:6      | You are sucked into a shaft and drop 3 floors!
  5967 | D:9      | Noticed a polar bear
  5996 | D:9      | Killed a polar bear
  5997 | D:9      | Reached skill level 10 in Spellcasting
  6154 | D:9      | Reached skill level 1 in Armour
  6394 | D:9      | Noticed a rime drake
  6397 | D:9      | Reached XP level 10. HP: 44/60 MP: 0/0
  6400 | D:9      | Gained mutation: Your mind is acute. (Int +4, Str/Dex -1)
                  | [potion of mutation]
  6400 | D:9      | Gained mutation: Your body sometimes deteriorates upon
                  | taking damage. [potion of mutation]
  6400 | D:9      | Gained mutation: You have hidden genetic potential. [potion
                  | of mutation]
  6400 | D:9      | Gained mutation: You have a pair of small horns on your
                  | head. [potion of mutation]
  6403 | D:9      | Killed a rime drake
  6404 | D:9      | Reached skill level 5 in Armour
  6570 | D:9      | Noticed a two-headed ogre
  6583 | D:9      | Killed a two-headed ogre
  6640 | D:9      | Found a staircase to the Lair.
  6667 | D:9      | Found an ornate altar of the Wu Jian Council.
  7241 | D:8      | Found a transporter.
  7257 | D:8      | Noticed Grum
  7263 | D:8      | Reached skill level 5 in Dodging
  7273 | D:8      | Killed Grum
  7411 | D:8      | Noticed Maurice
  7429 | D:8      | Found a sacrificial altar of Ru.
  7437 | D:8      | Noticed Erica
  7446 | D:8      | Killed Maurice
  7458 | D:8      | Killed Erica
  7459 | D:8      | Reached XP level 11. HP: 30/65 MP: 0/0
  7459 | D:8      | Learned a level 5 spell: Yara's Violent Unravelling
  7490 | D:8      | Gained mutation: Your mind is very acute. (Int +8, Str/Dex
                  | -2) [hidden potential]
  7647 | D:8      | Found a broken altar of Ashenzari.
  7724 | D:8      | Found a flagged portal.
  7737 | Bailey   | Entered a bailey
  8167 | Bailey   | Found a burning altar of Makhleb.
  8368 | D:8      | Found a transporter.
  8374 | D:8      | Found a one-way gate to the infinite horrors of the Abyss.
  8374 | D:8      | Noticed spardeous's ghost (novice DgCj)
  8424 | D:8      | Found a burning altar of Makhleb.
  8658 | D:8      | Found a transporter.
  8659 | D:8      | Found a transporter.
  8772 | D:8      | Found a broken altar of Ashenzari.
  8821 | D:8      | Found a sacrificial altar of Ru.
  8909 | D:8      | Found a burning altar of Makhleb.
  8979 | D:8      | Found a one-way gate to the infinite horrors of the Abyss.
  9262 | D:7      | Reached skill level 10 in Dodging
  9367 | D:7      | Reached skill level 1 in Fighting
  9674 | D:7      | Found a stormy altar of Qazlal.
  9680 | D:7      | Found a blossoming altar of Fedhas.
 11088 | D:3      | Bought the -2 hat of the Alchemist {rElec rPois rF+ rC+ rN+
                  | Will+ rMut rCorr} for 1274 gold pieces
 11088 | D:3      | Found the -2 hat of the Alchemist {rElec rPois rF+ rC+ rN+
                  | Will+ rMut rCorr}
 11088 | D:3      | Bought a faintly glowing robe for 153 gold pieces
 11088 | D:3      | Identified the +2 robe of Boredom {Regen+ Int+4} (You
                  | bought it in a shop on level 3 of the Dungeon)
 11230 | D:8      | Killed spardeous's ghost
 11231 | D:8      | Reached skill level 5 in Fighting
 11516 | D:10     | Entered Level 10 of the Dungeon
 11816 | D:10     | Reached XP level 12. HP: 33/85 MP: 0/0
 12045 | D:10     | Found a hazy altar of Hepliaklqana.
 12095 | D:10     | Noticed a two-headed ogre
 12103 | D:10     | Killed a two-headed ogre
 12821 | D:10     | Noticed a frost giant
 12826 | D:10     | Killed from afar by a frost giant

Illustrated notes

Levels and vault maps discovered:
D:1:      dpeg_arrival_rooms_with_view, layout_loops_ring,
          minmay_misc_feat_ornament, st_stairs_11, dreamdust_mushroom_princess
D:2:      layout_basic
D:3:      layout_loops_cross, mainiacjoe_overflow_alcove_4,
          biasface_ghost_orc_armoury, serial_shops, shop,
          wander_ebering_terrifying_dragon_lair
D:4:      layout_gridville, grunt_gozag_statues
D:5:      corexii_shantytown, layout_basic, nicolae_overflow_hidden_temple,
          serial_shops, nicolae_shop_overgrown_old_shop, nrook_campfire,
          uniq_ijyb, uniq_eustachio
D:6:      layout_gridville, minmay_temple_entry_glassed_door
D:7:      layout_cave_pools, grunt_temple_overflow_forces_of_nature
D:8:      layout_basic, nicolae_ashenzari_skybound, mainiacjoe_overflow_catwalk,
          kennysheep_mini, enter_bailey_2, gammafunk_ghost_abyssal_escape,
          serial_bayou, serial_bayou_pond_d, serial_bayou_lagoon_a,
          serial_bayou_shore_b, serial_bayou_ford_a, uniq_grum, uniq_maurice,
          uniq_erica
D:9:      layout_cave_pools, lemuel_round_altar, hellmonk_lair_entry_icy,
          minmay_ruffians
D:10:     layout_loops_cross, mainiacjoe_overflow_small_starburst,
          chequers_serial_rivers_small_b, kennysheep_just_a_vault

Skill      XL: |  1  2  3  4  5  6  7  8  9 10 11 12 |
---------------+-------------------------------------+-----
Spellcasting   | 4 5 6 7 8 10 | 10.1
Armour         | 4 7 |  7.3
Dodging        | 8 10 | 10.0
Fighting       | 7 8 |  8.4
Stealth        | |  1.5
Shields        | |  0.4

Action                     |  1- 3 |  4- 6 |  7- 9 | 10-12 || total
---------------------------+-------+-------+-------+-------++-------
  Melee: Unarmed           |       |       |     5 |    26 ||    31
         Headbutt          |       |       |       |     4 ||     4
         Punch             |       |       |       |     2 ||     2
   Cast: Magic Dart        |    79 |    86 |   183 |    44 ||   392
         Searing Ray       |       |     1 |    15 |     4 ||    20
         Iskenderun's Myst |       |       |    71 |   145 ||   216
         Dazzling Flash    |       |       |     1 |     1 ||     2
  Evoke: Wand              |       |       |       |     5 ||     5
    Use: Potion            |       |       |       |     6 ||     6
         Scroll            |       |       |       |     9 ||     9
 Armour: Robe              |     2 |     2 |     2 |       ||     6
         Ring mail         |       |       |    21 |       ||    21
         Scale mail        |       |       |    10 |    28 ||    38
  Dodge: Dodged            |     2 |     6 |    83 |    64 ||   155
